 Dungeon Crawl Stone Soup version 0.18.1-5-g4a78601 (webtiles) character file.

3101 Gargoyl the Protected (level 9, 0/69 HPs)
             Began as a Demonspawn Abyssal Knight on May 9, 2016.
             Was a Priest of Lugonu.
             Slain by a crocodile (7 damage)
             ... on level 8 of the Dungeon.
             The game lasted 00:18:08 (11251 turns).

Gargoyl the Protected (Demonspawn Abyssal Knight)  Turns: 11251, Time: 00:18:09

Health: 0/69       AC: 15    Str: 15    XL:     9   Next: 59%
Magic:  11/11      EV: 13    Int: 11    God:    Lugonu [***...]
Gold:   345        SH:  0    Dex: 12    Spells: 0 memorised, 8 levels left

rFire  . . .     SeeInvis .     a - +2 hand axe
rCold  . . .     Gourm    .     f - +0 chain mail
rNeg   . . .     Faith    .     (no shield)
rPois  .         Spirit   .     (helmet restricted)
rElec  +         Dismiss  .     (no cloak)
rCorr  .         Reflect  .     q - +0 pair of gloves
SustAt .         Harm     .     (no boots)
MR     .....                    i - amulet of rage
Stlth  ..........               (no ring)
                                n - +6 ring of evasion

@: very slightly contaminated, not resistant to hostile enchantments, extremely
unstealthy
A: antennae 2, icy blue scales 2, blurry vision 1, dopey 2, nightstalker 2,
electricity resistance
a: Depart the Abyss, Bend Space, Banish, Renounce Religion, Evoke Berserk Rage


You were on level 8 of the Dungeon.
You worshipped Lugonu.
Lugonu was most pleased with you.
You were not hungry.

You visited 1 branch of the dungeon, and saw 8 of its levels.
You visited the Abyss 1 time.

You collected 345 gold pieces.

Inventory:

Hand Weapons
 a - a +2 hand axe (weapon)
 p - a +0 flail
 s - a +0 spear
Missiles
 h - 6 tomahawks
 t - 2 javelins
 w - 2 javelins of returning (quivered)
Armour
 f - a +0 chain mail (worn)
 q - a +0 pair of gloves (worn)
Jewellery
 i - an amulet of rage (around neck)
 n - a +6 ring of evasion (left hand)
 v - a +3 ring of evasion
 x - a cursed ring of wizardry {unknown}
Wands
 o - a wand of confusion (11/48)
Scrolls
 b - 5 scrolls of identify
 d - 3 scrolls of enchant weapon
 e - a scroll of remove curse
 g - a scroll of amnesia {unknown}
 k - 2 scrolls of noise {unknown}
 r - a scroll of teleportation
 u - a scroll of blinking {unknown}
 y - a scroll of recharging {unknown}
Potions
 A - a potion of brilliance {unknown}
 C - a potion of curing
Books
 B - a book of Enchantments

   Spells                             Type                      Level
   a - Cause Fear                     Hexes                        4
   b - Yara's Violent Unravelling     Hexes/Transmutation          5
   c - Silence                        Hexes/Air                    5
   d - Deflect Missiles               Charms/Air                   6
   e - Haste                          Charms                       6
   f - Discord                        Hexes                        8
Comestibles
 c - 6 bread rations
 l - a beef jerky
 m - a slice of pizza


   Skills:
 + Level 6.1 Fighting
 + Level 5.0 Axes
 + Level 1.1 Throwing
 * Level 9.1 Armour
 + Level 4.2 Dodging
 + Level 0.2 Stealth
 + Level 3.0 Invocations
 + Level 1.3 Evocations


You had 8 spell levels left.
You didn't know any spells.

Dungeon Overview and Level Annotations

Branches:
Dungeon (8/15)             Temple (0/1) D:6
   Lair: D:8-11

Altars:
Qazlal
Ru
Xom

Shops:
D:4 %   D:8 [


Innate Abilities, Weirdness & Mutations

You have a pair of antennae on your head.
You are mostly covered in icy blue scales (AC +3, EV -1).
You are significantly more attuned to the shadows.
Scrolls take you a little longer to read.
You are very dopey. (Int -4)
You are resistant to electric shocks.


Message History

* * * LOW HITPOINT WARNING * * *
You closely miss the river rat.
The river rat is severely wounded.
You feel less exhausted. The river rat misses you.
You hit the river rat.
You kill the river rat!
Lugonu accepts your kill.
You barely miss the crocodile. The crocodile misses you.
You closely miss the crocodile. The crocodile misses you.
You hit the crocodile but do no damage. The crocodile barely misses you.
The crocodile bites you but does no damage.
You slash the crocodile!
The crocodile is moderately wounded.
The crocodile bites you!
* * * LOW HITPOINT WARNING * * *
You barely miss the crocodile.
The crocodile is moderately wounded.
The crocodile bites you!
You die...

#. #. #### #. ######### #..##
#. .. ........####...## #.
.... #>..........########
#.....#####.#.######..####...#
#...........#.# #..###....#
#...........#@# #..###....#
####...........#t# #..##..#...
...............#.# ##..#..##..
...............#.# ##....###.
.....#.........#.# ##...###.
.....#########.#.# #######.
.....'.........#.# ###
.....#########.#.##########
#######........#.##.........


You could see a crocodile.

Vanquished Creatures
  Joseph (D:7)
  Grinder (D:3)
  Sigmund (D:4)
  2 basilisks (D:8)
  A hungry ghost (D:8)
  A porcupine (D:8)
  2 sky beasts
  4 ogres
  A crocodile (D:8)
  Blork the orc (D:5)
  A big kobold (D:8)
  The ghost of Ge0ff the Charmwright, an amateur VSSk (D:3)
  3 giant frogs (D:7)
  A scorpion (D:4)
  A howler monkey (D:8)
  3 crimson imps
  A centaur zombie (D:7)
  2 hounds
  3 orc wizards
  An orc priest (D:7)
  2 giant frog skeletons
  Ijyb (D:3)
  An iguana (D:8)
  7 worker ants
  2 hound zombies (D:8)
  A worker ant zombie (D:5)
  3 gnolls (D:5)
  8 adders
  3 river rats (D:8)
  A shadow imp (D:6)
  An adder skeleton (D:5)
  3 worms
  3 dart slugs
  3 giant geckos
  7 orcs
  5 giant cockroaches
  8 goblins
  5 hobgoblins
  4 jackals (D:3)
  10 kobolds
  4 quokkas
  3 ball pythons
  4 bats
  4 giant newts
  4 rats (D:1)
129 creatures vanquished.

Vanquished Creatures (others)
  An orc wizard (D:7)
  2 fungi (D:8)
  13 plants (D:8)
16 creatures vanquished.

Grand Total: 145 creatures vanquished

Notes
Turn   | Place    | Note
--------------------------------------------------------------
     0 | Abyss:1  | Gargoyl the Demonspawn Abyssal Knight began the quest for the Orb.
     0 | Abyss:1  | Reached XP level 1. HP: 18/18 MP: 2/2
   179 | Abyss:1  | Noticed a quicksilver dragon skeleton
   184 | D:1      | Escaped the Abyss
   395 | D:1      | Reached skill level 1 in Dodging
   551 | D:1      | Reached skill level 2 in Armour
   551 | D:1      | Gained mutation: You are slightly more attuned to the shadows. [demonic ancestry]
   551 | D:1      | Reached XP level 2. HP: 20/24 MP: 3/3
   561 | D:1      | Reached * piety under Lugonu
  1343 | D:2      | Found a shimmering altar of Xom.
  1437 | D:2      | Reached XP level 3. HP: 12/29 MP: 5/5
  2366 | D:3      | You fall through a shaft for 2 floors!
  2366 | D:5      | Entered Level 5 of the Dungeon
  2467 | D:3      | Noticed Ijyb
  2476 | D:3      | Reached skill level 3 in Armour
  2527 | D:3      | Killed Ijyb
  2527 | D:3      | Gained mutation: You have a pair of small antennae on your head. [demonic ancestry]
  2527 | D:3      | Reached XP level 4. HP: 34/36 MP: 6/6
  2594 | D:3      | Noticed Grinder
  2605 | D:3      | Paralysed by Grinder for 7 turns
  2616 | D:3      | Killed Grinder
  2616 | D:3      | Reached skill level 4 in Armour
  2616 | D:3      | Gained mutation: You are partially covered in icy blue scales (AC +1). [demonic ancestry]
  2616 | D:3      | Reached XP level 5. HP: 9/42 MP: 7/7
  2616 | D:3      | Gained mutation: You are significantly more attuned to the shadows. [demonic ancestry]
  2616 | D:3      | Reached XP level 6. HP: 10/48 MP: 8/8
  2831 | D:3      | Noticed Ge0ff's ghost (amateur VSSk)
  2900 | D:3      | Killed Ge0ff's ghost
  3575 | D:3      | Reached ** piety under Lugonu
  3892 | D:4      | Reached skill level 5 in Armour
  3894 | D:4      | Noticed Sigmund
  3929 | D:4      | Killed Sigmund
  3929 | D:4      | Gained mutation: You have a pair of antennae on your head. [demonic ancestry]
  3929 | D:4      | Reached XP level 7. HP: 30/54 MP: 9/9
  4379 | D:4      | Found a sacrificial altar of Ru.
  4429 | D:4      | Found a shimmering altar of Xom.
  4885 | D:4      | Found Reshromeo's Food Shoppe.
  5718 | D:5      | HP: 2/55 [spatial distortion (1)]
  6137 | D:5      | Noticed Blork the orc
  6446 | D:5      | Reached skill level 6 in Armour
  6674 | D:5      | Killed Blork the orc
  6674 | D:5      | Gained mutation: You are mostly covered in icy blue scales (AC +3, EV -1). [demonic ancestry]
  6674 | D:5      | Reached XP level 8. HP: 25/61 MP: 10/10
  7985 | D:6      | Reached skill level 5 in Fighting
  8437 | D:6      | Found a staircase to the Ecumenical Temple.
  9357 | D:7      | Found a stormy altar of Qazlal.
  9444 | D:7      | Noticed Joseph
  9449 | D:7      | Reached skill level 7 in Armour
  9459 | D:7      | HP: 3/93 [Joseph/uncursed quarterstaff (9)]
  9465 | D:7      | Killed Joseph
 10087 | D:7      | Reached XP level 9. HP: 48/68 MP: 11/11
 10089 | D:7      | Reached skill level 1 in Throwing
 10089 | D:7      | Reached skill level 8 in Armour
 10432 | D:7      | Reached *** piety under Lugonu
 10432 | D:7      | Reached skill level 1 in Evocations
 11045 | D:8      | Gained mutation: You are dopey. (Int -2) [mutagenic meat]
 11047 | D:8      | Gained mutation: Scrolls take you a little longer to read. [mutagenic meat]
 11048 | D:8      | Gained mutation: You are very dopey. (Int -4) [mutagenic meat]
 11049 | D:8      | Gained mutation: You are resistant to electric shocks. [mutagenic meat]
 11116 | D:8      | Found Tigoaggu's Antique Armour Shoppe.
 11185 | D:8      | Reached skill level 5 in Axes
 11185 | D:8      | Reached skill level 9 in Armour
 11251 | D:8      | Slain by a crocodile

Skill      XL: |  1  2  3  4  5  6  7  8  9 |
---------------+----------------------------+-----
Dodging        | 1 2 3 4 |  4.2
Armour         | 2 3 4 5 6 7 9 |  9.1
Axes           | 2 3 4 5 |  5.0
Fighting       | 4 5 6 |  6.1
Invocations    | 3 |  3.0
Throwing       | 1 |  1.1
Evocations     | 1 |  1.3
Stealth        | |  0.2

Action                   |  1- 3 |  4- 6 |  7- 9 || total
-------------------------+-------+-------+-------++-------
Melee: Hand axe          |   172 |   156 |   741 ||  1069
       Lajatang          |       |       |    28 ||    28
Throw: Tomahawk          |     2 |       |     4 ||     6
       Javelin           |       |       |     5 ||     5
Invok: Depart the Abyss  |     1 |       |       ||     1
       Bend Space        |       |       |     2 ||     2
 Abil: Evoke Berserk Rag |       |       |     7 ||     7
  Use: Potion            |       |     4 |     5 ||     9
       Scroll            |       |     1 |     6 ||     7
  Eat: Chunk             |     1 |     1 |    10 ||    12
       Bread ration      |     1 |       |       ||     1
       Fruit             |       |    12 |    14 ||    26
       Pizza             |       |     1 |       ||     1
       Meat ration       |       |       |     3 ||     3
       Royal jelly       |       |       |     1 ||     1
Armor: Chain mail        |   148 |    68 |   378 ||   594
Dodge: Dodged            |    64 |    94 |   504 ||   662
